Map: Lightshade LE

Players

JonSnow

  • Race: Zerg Zerg

PiLiPiLi - Winner!

  • Race: Protoss Protoss

Event: DreamHack SC2 Masters 2021 Fall

VOD

Have the link to the VOD?

Description

Time

  • Played on: Aug. 3, 2021, 5:19 p.m.
  • Length: 11:01

All games in this series

Show
View Real Time Build Order
Export as new Build Order

JonSnow Zerg 

Build Orders: Hatch First 

Get SALT Encoding   

  12  0:01  Drone  
  13  0:13  Overlord  
  13  0:17  Drone  
  14  0:32  Drone x2  
  16  0:48  Hatchery  
  15  0:51  Drone  
  15  0:55  Drone  
  17  1:00  Drone  
  18  1:05  Extractor  
  17  1:14  Spawning Pool  
  16  1:21  Drone x2  
  18  1:28  Drone  
  19  1:43  Drone  
  20  1:53  Overlord  
  20  2:01  Queen  
  20  2:02  Queen, Zergling x2  
  20  2:03  Zergling x2  
  26  2:08  Metabolic Boost  
  26  2:14  Drone  
  27  2:16  Drone  
  28  2:23  Drone x2  
  30  2:37  Hatchery  
  30  2:41  Drone  
  30  2:44  Drone  
  31  2:49  Queen  
  33  2:57  Overlord  
  33  2:58  Drone x2  
  33  3:02  Drone  
  36  3:15  Queen  
  36  3:16  Drone x4  
  36  3:18  Drone  
  44  3:20  Drone  
  44  3:29  Overlord  
  44  3:35  Overlord  
  44  3:44  Roach Warren  
  44  3:46  Queen  
  44  3:48  Overlord  
  45  3:49  Drone x4  
  45  3:50  Drone  
  45  3:55  Drone x2  
  52  3:57  Extractor  
  52  4:00  Queen  
  53  4:05  Overlord  
  53  4:07  Zergling x4  
  53  4:08  Zergling x2  
  56  4:10  Zergling x2  
  56  4:16  Overlord  
  57  4:21  Overlord  
  57  4:30  Roach x3  
  62  4:31  Lair  
  62  4:33  Spore Crawler  
  62  4:35  Spore Crawler  
  60  4:40  Spore Crawler  
  60  4:41  Drone x3  
  60  4:43  Drone  
  63  4:52  Roach x3  
  69  4:56  Roach x2  
  73  5:02  Drone  
  73  5:03  Drone x3  
  77  5:12  Drone x5  
  82  5:15  Overlord  
  81  5:29  Overlord  
  81  5:30  Drone x2  
  81  5:31  Overlord x2  
  81  5:37  Evolution Chamber, Hydralisk Den  
  81  5:39  Drone x6  
  85  5:44  Drone  
  85  5:45  Drone x3  
  85  5:47  Drone x2  
  91  5:50  Spore Crawler  
  91  5:53  Drone x2  
  91  5:56  Extractor  
  91  5:59  Overlord  
  91  6:01  Drone x3  
  91  6:03  Extractor, Overlord  
  93  6:04  Zerg Melee Weapons Level 1  
  93  6:08  Evolution Chamber  
  92  6:14  Grooved Spines  
  92  6:16  Extractor, Drone x8  
  99  6:21  Extractor  
  98  6:27  Hydralisk x2  
  101  6:34  Baneling Nest  
  101  6:35  Hatchery  
  99  6:43  Hydralisk x5  
  109  6:51  Hatchery  
  108  7:00  Overlord x2  
  107  7:03  Drone x5  
  112  7:14  Zerg Missile Weapons Level 1  
  112  7:19  Drone x7  
  119  7:25  Muscular Augments  
  119  7:26  Hydralisk  
  121  7:31  Overlord x2  
  121  7:35  Drone x3  
  124  7:38  Hatchery  
  124  7:42  Hydralisk x2  
  127  7:54  Queen, Extractor  
  128  8:00  Drone x2  
  130  8:07  Lair  
  130  8:08  Zergling x12  
  130  8:09  Zergling x8  
  140  8:19  Drone x2  
  143  8:20  Drone x2  
  143  8:22  Hatchery  
  143  8:25  Overlord x3  
  144  8:31  Zerg Ground Armor Level 1, Overlord x3  
  144  8:47  Hydralisk x6  
  144  8:48  Hydralisk x5  
  166  8:56  Overlord  
  166  9:02  Hydralisk x9  
  174  9:03  Centrifical Hooks  
  183  9:19  Overseer  
  183  9:20  Hydralisk x2  
  183  9:21  Zergling x16  
  183  9:23  Extractor, Spore Crawler  
  193  9:33  Hydralisk x2  
  193  9:34  Hydralisk  
  197  9:46  Baneling x2  
  197  9:48  Baneling x8  
  197  9:57  Hydralisk  
  197  9:58  Hydralisk x4  
  197  9:59  Zergling x24  
  163  10:17  Hydralisk x8  
  163  10:21  Hydralisk x3  
  149  10:24  Hydralisk  
  149  10:26  Baneling x2  
  163  10:31  Baneling x4  
Show
View Real Time Build Order
Export as new Build Order

PiLiPiLi Protoss - Winner!

Build Orders: 1 Gate Expand 

Get SALT Encoding   

  12  0:00  Probe  
  13  0:12  Probe  
  14  0:20  Pylon  
  14  0:24  Probe  
  15  0:38  Gateway, Probe (Chrono Boost)  
  16  0:48  Assimilator, Probe (Chrono Boost)  
  17  0:53  Probe (Chrono Boost)  
  18  1:04  Probe  
  19  1:17  Probe  
  20  1:23  Nexus  
  20  1:35  Cybernetics Core  
  20  1:38  Probe  
  21  1:43  Assimilator  
  21  1:50  Probe  
  22  1:54  Pylon  
  22  2:02  Probe  
  23  2:09  Stalker (Chrono Boost)  
  23  2:12  Warp Gate  
  23  2:14  Probe  
  26  2:26  Probe  
  27  2:30  Stargate  
  27  2:32  Adept (Chrono Boost)  
  27  2:36  Probe  
  30  2:41  Probe  
  31  2:48  Probe  
  32  2:53  Gateway, Probe  
  33  3:00  Probe  
  33  3:05  Void Ray (Chrono Boost)  
  34  3:06  Probe  
  34  3:11  Shield Battery  
  34  3:12  Probe  
  36  3:18  Probe  
  41  3:24  Probe  
  42  3:27  Pylon  
  42  3:30  Probe  
  43  3:36  Probe  
  43  3:37  Void Ray (Chrono Boost)  
  43  3:38  Pylon  
  44  3:42  Probe  
  44  3:46  Assimilator  
  49  3:48  Assimilator  
  49  3:49  Probe  
  49  3:54  Probe  
  51  4:00  Pylon  
  51  4:01  Adept, Probe  
  54  4:07  Stargate, Probe  
  55  4:13  Probe  
  56  4:18  Void Ray  
  56  4:19  Probe  
  61  4:32  Probe  
  61  4:33  Probe  
  61  4:34  Adept  
  61  4:35  Adept  
  67  4:38  Pylon  
  67  4:44  Pylon, Probe  
  67  4:45  Probe  
  69  4:53  Nexus  
  69  4:58  Void Ray  
  69  4:59  Void Ray  
  77  5:11  Probe x2  
  79  5:14  Shield Battery  
  79  5:17  Pylon  
  79  5:20  Robotics Facility  
  79  5:23  Probe  
  80  5:32  Stalker x2  
  80  5:35  Void Ray  
  84  5:36  Probe  
  84  5:38  Probe  
  90  5:53  Probe  
  90  5:55  Shield Battery  
  91  5:58  Protoss Air Weapons Level 1, Void Ray  
  91  6:03  Pylon  
  91  6:05  Pylon  
  91  6:06  Probe x3  
  98  6:12  Robotics Bay  
  98  6:18  Probe x2  
  99  6:19  Probe  
  99  6:24  Forge  
  101  6:29  Assimilator, Oracle  
  101  6:30  Probe  
  101  6:31  Assimilator, Probe  
  101  6:32  Shield Battery, Probe  
  107  6:36  Void Ray  
  107  6:44  Probe x2  
  113  6:50  Probe  
  110  6:57  Gateway  
  110  7:00  Photon Cannon  
  110  7:01  Disruptor (Chrono Boost), Photon Cannon x2  
  112  7:04  Photon Cannon  
  112  7:07  Void Ray  
  113  7:14  Protoss Ground Weapons Level 1  
  117  7:18  Photon Cannon  
  117  7:20  Photon Cannon  
  117  7:22  Void Ray  
  117  7:23  Twilight Council  
  117  7:24  Gateway  
  121  7:39  Disruptor (Chrono Boost)  
  124  7:44  Pylon  
  124  7:46  Pylon  
  124  7:48  Pylon  
  124  7:50  Gateway x2  
  124  7:52  Gateway  
  124  7:57  Void Ray  
  124  8:01  Charge (Chrono Boost)  
  124  8:05  Disruptor (Chrono Boost)  
  128  8:07  Zealot  
  128  8:08  Zealot x2  
  137  8:13  Pylon  
  137  8:24  Templar Archives  
  137  8:26  Gateway  
  137  8:30  Zealot x4  
  137  8:31  Warp Prism (Chrono Boost)  
  137  8:33  Pylon  
  147  8:47  Void Ray x2 (Chrono Boost)  
  147  8:48  Zealot  
  147  8:49  Zealot x2  
  147  8:51  Pylon  
  147  8:52  Pylon  
  147  8:54  Pylon  
  153  8:56  Pylon, Disruptor (Chrono Boost)  
  164  9:03  Pylon  
  164  9:17  High Templar x2, Zealot x3  
  174  9:31  Nexus  
  174  9:33  Pylon  
  174  9:36  Pylon  
  174  9:38  Archon  
  174  9:40  High Templar x2  
  174  9:42  Disruptor (Chrono Boost)  
  174  9:44  Archon  
  179  10:02  Zealot x6  
  162  10:17  Void Ray x2  
  162  10:20  Zealot x2  
  148  10:23  Zealot  
  148  10:24  Zealot x4  
  148  10:27  Photon Cannon  
  166  10:29  Photon Cannon  
  166  10:31  Photon Cannon  
  166  10:35  Shield Battery  
  156  10:52  Zealot x8  

Tags
 
Add a new tag
Caveats
  • Supply blocks, unpowered buildings, or Contaminate may cause inaccurate times.
  • Supply counts are checked every 10 seconds.